 Dungeon Crawl Stone Soup version 0.30-b1-2-g02819fbbbe (webtiles) character file.

Game seed: 14248819690397400465

5468 Mesmaeker13 the Firebug (level 10, -5/64 (69) HPs)
             Began as a Demigod Fire Elementalist on June 28, 2023.
             Slain by a wight
             ... wielding a +5 great sword of freezing
              (8 damage)
             ... on level 8 of the Dungeon.
             The game lasted 00:13:51 (9825 turns).

Mesmaeker13 the Firebug (Demigod Fire Elementalist) Turns: 9825, Time: 00:13:52

HP:   -5/64 (69)    AC:  8    Str: 13    XL:     10   Next: 19%
MP:   2/23          EV: 17    Int: 25    God:
Gold: 426           SH:  0    Dex: 20    Spells: 12/22 levels left

rFire   . . .        e - +2 dagger (venom)
rCold   . . .        (no shield)
rNeg    . . .        N - +0 steam dragon scales
rPois   .            K - +2 hat
rElec   .            (no cloak)
rCorr   .            (no gloves)
SInv    .            (no boots)
Will    +....        (no amulet)
Stlth   ++           n - +5 ring of evasion
HPRegen 0.30/turn    M - +6 ring of dexterity
MPRegen 0.18/turn

%: no passive effects
@: studying 2 skills, drained
A: high MP 1, forlorn, divine attributes
a: no special abilities


You were on level 8 of the Dungeon.
You visited 1 branch of the dungeon, and saw 8 of its levels.

You collected 452 gold pieces.
You spent 26 gold pieces at shops.

Inventory:

Hand Weapons
 e - a +2 dagger of venom (weapon)
 i - a +0 trident
 y - a +0 short sword of speed
 C - a +2 dagger of draining
Missiles
 k - 21 poisoned darts
 s - 4 throwing nets
 x - 6 silver javelins (quivered)
 A - a curare-tipped dart
Armour
 K - a +2 hat (worn)
 N - +0 steam dragon scales (worn)
Jewellery
 n - a +5 ring of evasion (left hand)
 H - a ring of flight
 M - a +6 ring of dexterity (right hand)
Wands
 a - a wand of quicksilver (1)
 I - a wand of iceblast (12)
Scrolls
 c - a scroll of enchant weapon
 f - a scroll of brand weapon
 l - 2 scrolls of noise {unknown}
 m - a scroll of immolation {unknown}
 o - 2 scrolls of teleportation
 p - 3 scrolls of fog
 q - a scroll of torment {unknown}
 r - 3 scrolls of amnesia
 z - 2 scrolls of poison {unknown}
 E - a scroll of magic mapping {unknown}
 F - a scroll of blinking {unknown}
 L - a scroll of enchant armour {unknown}
 O - a scroll of identify
Potions
 b - 2 potions of magic
 d - 2 potions of degeneration
 g - a potion of lignification
 h - 3 potions of brilliance
 j - 3 potions of might
 t - 4 potions of curing
 v - a potion of cancellation {unknown}
 w - 3 potions of flight
 B - a potion of mutation {unknown}
 D - 2 potions of heal wounds {unknown}
 G - 4 potions of attraction {unknown}
 J - a potion of resistance {unknown}


   Skills:
 + Level 6.2 Armour
 - Level 1.7 Dodging
 - Level 1.7 Stealth
 + Level 6.5 Spellcasting
 + Level 6.9 Conjurations
 + Level 7.4 Fire Magic
 + Level 0.4 Air Magic
 - Level 4.1 Poison Magic


You had 12 spell levels left.
You knew the following spells:

 Your Spells              Type           Power      Damage    Failure   Level
a - Foxfire               Conj/Fire      100%       2x1d9     1%          1
b - Scorch                Fire           90%        2d9       1%          2
c - Flame Wave            Conj/Fire      44%        2d11      3%          4
d - Mephitic Cloud        Conj/Pois/Air  27%        N/A       4%          3

Your spell library contained the following spells:

 Spells                   Type           Power      Damage    Failure   Level
 Poisonous Vapours        Pois/Air       38%        N/A       4%          2
 Hailstorm                Conj/Ice       25%        3d7       4%          3
 Inner Flame              Hex/Fire       26%        N/A       4%          3
 Volatile Blastmotes      Fire/Tloc      52%        2d14      4%          3
 Freeze                   Ice            32%        1d5       7%          1
 Necrotise                Necr           32%        1d5       7%          1
 Frozen Ramparts          Ice            16%        1d3       22%         3
 Vampiric Draining        Necr           8%         2d6       22%         3
 Ice Form                 Ice/Tmut       8%         N/A       56%         4
 Freezing Cloud           Conj/Ice/Air   10%        6-21      56%         5
 Agony                    Necr           8%         N/A       89%         5
 Simulacrum               Ice/Necr       4%         N/A       100%        6


Dungeon Overview and Level Annotations

Branches:
Dungeon (8/15)             Temple (0/1) D:5            Lair (0/5) D:8

Shops:
D:2 =   D:3 ?   D:5 :


Innate Abilities, Weirdness & Mutations

You have an increased reservoir of magic. (+10% MP)
You shall have no god before yourself.
Your divine heritage dramatically boosts your attributes as you level up.


Message History

Unknown command.
Casting: Scorch (safe; 1% risk of failure)
Confirm with . or Enter, or press ? or * to list all spells.
Flames lash the wight but do no damage.
The wight is no longer more vulnerable to fire.
The wight closely misses you. x2
Unknown command.
Casting: Scorch (safe; 1% risk of failure)
Confirm with . or Enter, or press ? or * to list all spells.
You conjure some foxfire!
The wight barely misses you.
The wight hits you with a +5 great sword of freezing!!
The wight freezes you.
The wight is no longer more vulnerable to fire.
The foxfire hits the wight but does no damage.
The wight is moderately damaged.
The foxfire hits the wight.
You destroy the wight!
The wight closely misses you.
Unknown command.
Casting: Foxfire (safe; 1% risk of failure)
Confirm with . or Enter, or press ? or * to list all spells.
You conjure some foxfire!
The wight hits you with a +5 great sword of freezing!
You feel drained. The wight freezes you.
The foxfire hits the wight.
The wight is heavily damaged.
The foxfire hits the wight!
The wight is almost destroyed.
The wight misses you.
Unknown command.
Unknown command.
Casting: Foxfire (safe; 1% risk of failure)
Confirm with . or Enter, or press ? or * to list all spells.
You conjure some foxfire!
The wight hits you with a +5 great sword of freezing!
* * * LOW HITPOINT WARNING * * *
You feel drained.
* * * LOW HITPOINT WARNING * * *
The wight freezes you!
You die...

##..# ##...##
########## ##.....##
#...<..... #.......#
#.#######.
##......)###.#####
#..P.............#
...........#.###.#
.....>.....#.###v###.#
#..........#...v@)...#
#..........#####z#####
##..P....#..####.#####
.#.......#..#..).....#
###..)..##..#.##.###.#
# ##...###### #)#
##.....## #.###
##.......## #...#
##.........# #$...#


You could see a wight (ally target).

Vanquished Creatures
  Erica (D:8)
  A two-headed ogre (D:7)
  Joseph (D:8)
  Maggie (D:7)
  Sigmund (D:6)
  A spriggan (D:8)
  2 steam dragons
  3 vampire mosquitoes (D:7)
  2 wargs (D:8)
  3 ice beasts
  2 orc warriors
  4 black bears
  3 centaurs
  A kobold brigand (D:5)
  A bullfrog (D:8)
  2 scorpions
  5 wights
  A howler monkey (D:8)
  A jelly (D:7)
  4 orc priests
  4 hounds
  2 sleepcaps
  6 orc wizards
  An iguana (D:4)
  6 adders
  18 gnolls
  A shadow imp (D:6)
  5 white imps
  An ufetubus (D:7)
  A worm (D:3)
  3 dart slugs
  23 orcs
  10 bats
  7 endoplasms
  2 giant cockroaches
  6 goblins
  5 hobgoblins
  11 jackals
  6 ball pythons
  10 frilled lizards
  30 kobolds
  7 rats
205 creatures vanquished.

Vanquished Creatures (collateral kills)
  3 foxfires (D:5)
3 creatures vanquished.

Vanquished Creatures (others)
  559 foxfires
  40 plants
599 creatures vanquished.

Grand Total: 807 creatures vanquished

Notes
Turn   | Place    | Note
-------+----------+-------------------------------------------
     0 | D:1      | Mesmaeker13 the Demigod Fire Elementalist began the quest
                  | for the Orb.
     0 | D:1      | Reached XP level 1. HP: 14/14 MP: 5/5
    59 | D:1      | Reached skill level 1 in Conjurations
   308 | D:1      | Reached XP level 2. HP: 13/20 MP: 1/7
   514 | D:1      | Reached skill level 3 in Fire Magic
   928 | D:1      | You fall into a shaft and drop 1 floor!
  1016 | D:2      | Found Dudek's Jewellery Shop.
  1051 | D:2      | Reached XP level 3. HP: 26/26 MP: 7/9
  1095 | D:2      | Learned a level 2 spell: Scorch
  2021 | D:3      | Reached XP level 4. HP: 33/33 MP: 8/10
  2494 | D:3      | Reached XP level 5. HP: 24/38 MP: 0/12
  2795 | D:3      | Found Neosku Xops's Magic Scroll Boutique.
  2802 | D:3      | Bought a scroll of identify for 26 gold pieces
  3372 | D:4      | Noticed a centaur
  3376 | D:4      | Noticed a centaur
  3383 | D:4      | Killed a centaur
  3384 | D:4      | Reached skill level 1 in Armour
  3384 | D:4      | Reached skill level 4 in Fire Magic
  3389 | D:4      | Killed a centaur
  3390 | D:4      | Reached XP level 6. HP: 22/45 MP: 1/14
  3840 | D:4      | Found a large runed translucent door.
  3840 | D:4      | Found a large runed translucent door.
  4691 | D:4      | Learned a level 4 spell: Flame Wave
  4756 | D:5      | Entered Level 5 of the Dungeon
  4768 | D:5      | Reached XP level 7. HP: 33/50 MP: 9/16
  4846 | D:5      | Found a staircase to the Ecumenical Temple.
  4875 | D:5      | Found Ikiaf's Vocational Training.
  5282 | D:5      | Reached skill level 5 in Fire Magic
  6091 | D:6      | Reached XP level 8. HP: 57/57 MP: 9/18
  6853 | D:6      | Noticed Sigmund
  6861 | D:6      | Killed Sigmund
  6862 | D:6      | Reached skill level 5 in Conjurations
  6872 | D:6      | Reached skill level 5 in Spellcasting
  6980 | D:6      | Learned a level 3 spell: Mephitic Cloud
  7290 | D:7      | Reached skill level 6 in Fire Magic
  7299 | D:7      | Reached skill level 1 in Poison Magic
  7621 | D:7      | Reached XP level 9. HP: 28/62 MP: 14/20
  7843 | D:7      | Noticed a two-headed ogre
  8116 | D:7      | Noticed Maggie
  8133 | D:7      | Killed Maggie
  8134 | D:7      | Reached skill level 5 in Armour
  8601 | D:7      | Killed a two-headed ogre
  8755 | D:8      | Reached skill level 7 in Fire Magic
  9067 | D:8      | Noticed Joseph
  9079 | D:8      | Killed Joseph
  9310 | D:8      | Found a staircase to the Lair.
  9473 | D:8      | Reached XP level 10. HP: 69/69 MP: 16/23
  9582 | D:8      | Noticed Erica
  9591 | D:8      | Killed Erica
  9825 | D:8      | HP: 3/64 [wight/+5 great sword of freezing (3)]
  9825 | D:8      | Slain by a wight

Illustrated notes

Levels and vault maps discovered:
D:1:      minmay_arrival_shattered_statue, layout_loops_cross,
          hellmonk_ecumenical_altar_slurped_away, minmay_lizard_king
D:2:      layout_loops_ring, basic_altar, serial_shops, shop
D:3:      layout_basic, serial_shops, shop
D:4:      due_chaos_kobolds, layout_cave_pods, minmay_misc_feat_five,
          minmay_manual_mares
D:5:      kennysheep_kobold_camp, layout_loops_ring, minmay_temple_entry_mist,
          nicolae_shop_vocational
D:6:      layout_loops_corners, columned_hall_lemuel, uniq_sigmund
D:7:      layout_cave_pools, roderic_lattice_a, minmay_manual_mess, uniq_maggie
D:8:      layout_loops_corners, erik_lair_orcish_takeover, the_hattery,
          uniq_joseph, uniq_erica

Skill      XL: |  1  2  3  4  5  6  7  8  9 10 |
---------------+-------------------------------+-----
Conjurations   | 1 2 3 4 5 6 |  6.9
Spellcasting   | 2 3 4 5 6 |  6.5
Fire Magic     | 3 4 5 6 7 |  7.4
Armour         | 1 2 3 4 6 |  6.2
Poison Magic   | 1 3 4 |  4.1
Dodging        | |  1.7
Stealth        | |  1.7
Air Magic      | |  0.4

Action                     |  1- 3 |  4- 6 |  7- 9 | 10-12 || total
---------------------------+-------+-------+-------+-------++-------
  Melee: Dagger            |    10 |     8 |     3 |       ||    21
         Short sword       |       |       |     1 |       ||     1
  Throw: Dart              |       |       |     3 |       ||     3
         Javelin           |       |       |     1 |       ||     1
   Cast: Foxfire           |    78 |    88 |   157 |     7 ||   330
         Scorch            |       |    24 |    57 |    13 ||    94
         Mephitic Cloud    |       |       |     1 |       ||     1
  Evoke: Wand              |       |       |    13 |     2 ||    15
    Use: Scroll            |       |     5 |     6 |       ||    11
         Potion            |       |     1 |     2 |       ||     3
 Armour: Robe              |     7 |     7 |       |       ||    14
         Skin              |       |    14 |       |       ||    14
         Leather armour    |       |       |    13 |       ||    13
         Steam dragon scal |       |       |     5 |     4 ||     9
  Dodge: Dodged            |    38 |    62 |   116 |    18 ||   234
